 Dungeon Crawl Stone Soup version 0.28-a0-1190-g77e1c55843 (webtiles) character file.

Game seed: 7332704503708213795

14 frimble the Slasher (level 2, -1/22 HPs)
             Began as a Demonspawn Warper on Dec 19, 2021.
             Killed from afar by a dart slug (3 damage)
             ... with a slug dart
             ... on level 1 of the Dungeon.
             The game lasted 00:00:27 (391 turns).

frimble the Slasher (Demonspawn Warper)              Turns: 391, Time: 00:00:28

Health: -1/22      AC:  3    Str: 11    XL:     2   Next: 27%
Magic:  5/5        EV: 11    Int: 14    God:
Gold:   11         SH:  4    Dex: 12    Spells: 5/5 levels left

rFire   . . .      SeeInvis .   a - +0 falchion
rCold   . . .      Faith    .   (no shield)
rNeg    . . .      Spirit   .   b - +0 leather armour
rPois   .          Reflect  .   (no helmet)
rElec   .          Harm     .   (no cloak)
rCorr   .          Rampage  .   (no gloves)
Will    .....                   (no boots)
Stlth   +.........              (no amulet)
HPRegen 0.07/turn               (no ring)
MPRegen 0.09/turn               (no ring)

@: no status effects
A: condensation shield
a: no special abilities


You were on level 1 of the Dungeon.
You visited 1 branch of the dungeon, and saw 1 of its levels.

You collected 11 gold pieces.

Inventory:

Hand Weapons
 a - a +0 falchion (weapon)
Missiles
 d - 5 boomerangs of dispersal (quivered)
Armour
 b - a +0 leather armour (worn)
 i - a +0 scale mail
Scrolls
 c - a scroll of blinking
 f - a scroll of identify {unknown}
Potions
 e - a potion of attraction {unknown}
 g - a potion of curing {unknown}
 h - a potion of degeneration {unknown}


   Skills:
 - Level 2.0 Fighting
 + Level 2.7 Long Blades
 - Level 0.8 Throwing
 - Level 0.8 Armour
 - Level 1.7 Dodging
 - Level 2.0 Spellcasting
 - Level 2.6 Translocations


You had 5 spell levels left.
You didn't know any spells.
Your spell library contained the following spells:

 Spells                   Type           Power      Damage    Failure   Level
 Blink                    Tloc           16%        N/A       16%         2
 Gell's Gravitas          Tloc           8%         N/A       30%         3
 Lesser Beckoning         Tloc           8%         N/A       30%         3
 Teleport Other           Tloc           8%         N/A       30%         3
 Manifold Assault         Tloc           8%         N/A       96%         5


Dungeon Overview and Level Annotations

Branches:
Dungeon (1/15)

Altars:


Innate Abilities, Weirdness & Mutations

A meltable shield of frost defends you. (SH +4)


Message History

The endoplasm freezes you.
You are frozen.
You completely miss the endoplasm. You block the ball python's attack.
The ball python constricts you. The dart slug closely misses you.
The endoplasm closely misses you. The ball python closely misses you.
The ball python constricts you.
You hit the endoplasm but do no damage. The endoplasm barely misses you.
The dart slug completely misses you. You block the ball python's attack.
The ball python constricts you.
You escape the ball python's grasp.
The dart slug launches a dart at you. The slug dart hits you.
The endoplasm barely misses you.
You barely miss the endoplasm.
The endoplasm jiggles.
The endoplasm freezes you.
You are frozen.
* * * LOW HITPOINT WARNING * * *
You slash the endoplasm!
You kill the endoplasm!
The ball python bites you but does no damage.
The ball python barely misses you.
You closely miss the ball python. The ball python misses you.
You block the ball python's attack.
You closely miss the ball python. The ball python barely misses you.
The ball python grabs you. The ball python constricts you.
You barely miss the ball python. You block the ball python's attack.
The ball python constricts you.
The ball python bites you but does no damage.
The ball python constricts you.
You hit the ball python.
The ball python is moderately wounded.
The ball python bites you.
* * * LOW HITPOINT WARNING * * *
The ball python constricts you.
You hit the ball python.
You kill the ball python!
The dart slug launches a dart at you. The slug dart hits you.
You die...

#.##....§## ##....
#######.##....§§## ##...##
.........##...§§§### ###...##
.......†.##....§§§§####.....#
.........†##....§§§§.......##
........#..##...§§§§§.....##
........##..###...§§§...###
........###..######8#####
........# ##..@# ###
........######.#
.####.......†.w#
#...........# ........#.#
...........# .......###...
......# #... ...... ..##


You could see a dart slug.

Vanquished Creatures
  A ball python (D:1)
  3 bats (D:1)
  2 endoplasms (D:1)
  3 goblins (D:1)
  2 frilled lizards (D:1)
  4 rats (D:1)
15 creatures vanquished.

Notes
Turn   | Place    | Note
-------+----------+-------------------------------------------
     0 | D:1      | frimble the Demonspawn Warper began the quest for the Orb.
     0 | D:1      | Reached XP level 1. HP: 16/16 MP: 3/3
   230 | D:1      | Gained mutation: A meltable shield of frost defends you.
                  | (SH +4) [demonic ancestry]
   230 | D:1      | Reached XP level 2. HP: 22/22 MP: 5/5
   391 | D:1      | Killed from afar by a dart slug

Illustrated notes

Levels and vault maps discovered:
D:1:      heliophobic_arrival_dark_side_of_the_moon, layout_basic,
          dilly_ecumenical_altar_fadedgnrine, minmay_ruptured

Skill      XL: |  1 |
---------------+----+-----
Long Blades    | 2 |  2.7
Fighting       | |  2.0
Throwing       | |  0.8
Armour         | |  0.8
Dodging        | |  1.7
Spellcasting   | |  2.0
Translocations | |  2.6

Action                   || total
-------------------------++-------
Melee: Falchion          ||    54
Armor: Leather armour    ||    19
Dodge: Dodged            ||    42
Block: Other             ||    13

Table legend: (Time is in decaauts)
 A = Elapsed time spent in this place.
 B = Non-inter-level travel time spent in this place.
 C = Inter-level travel time spent in this place.
 D = Time resting spent in this place.
 E = Time spent auto-exploring this place.
 F = Levels seen in this place.
 G = Mean time per level.
                   A        B        C        D        E       F      G
               +--------+--------+--------+--------+--------+-----+--------+
         Total |    400 |    391 |      9 |      0 |    281 |   1 |  400.0 |
       Dungeon |    400 |    391 |      9 |      0 |    281 |   1 |  400.0 |
               +--------+--------+--------+--------+--------+-----+--------+

Top non-repeatable levels by time:
     D:1: 400 daAuts
